 Dungeon Crawl Stone Soup version 0.30-a0-591-g3c58d2bc28 (webtiles) character file.

Game seed: 12710681057138904983

757 OTABOTABOTAB the Conjurer (level 7, -5/50 HPs)
             Began as a Pale Draconian Conjurer on Jan 6, 2023.
             Killed by nerve-wracking pain
             ... invoked by an orc priest
              (10 damage)
             ... on level 5 of the Dungeon.
             The game lasted 00:09:06 (4723 turns).

OTABOTABOTAB the Conjurer (Pale Draconian Conjurer) Turns: 4723, Time: 00:09:07

Health: -5/50      AC:  7    Str: 10    XL:     7   Next: 50%
Magic:  2/14       EV: 12    Int: 20    God:
Gold:   201        SH:  0    Dex:  9    Spells: 4/15 levels left

rFire   . . .      SeeInvis .    w - staff of poison {rPois}
rCold   . . .      Faith    .    (no shield)
rNeg    . . .      Spirit   .    (body armour unavailable)
rPois   +          Reflect  .    (helmet restricted)
rElec   .          Harm     .    n - +0 cloak
rCorr   .          Rampage  .    (no gloves)
Will    .....                    (no boots)
Stlth   ++                       (no amulet)
HPRegen 0.28/turn                Z - ring of wizardry {Wiz+, !d}
MPRegen 0.14/turn                (no ring)

@: no status effects
A: breathe steam, AC +6, unfitting armour, cold-blooded, steam resistance
a: Breathe Steam


You were on level 5 of the Dungeon.
You visited 2 branches of the dungeon, and saw 6 of its levels.

You collected 249 gold pieces.
You spent 48 gold pieces at shops.

Inventory:

Missiles
 s - 47 stones
 t - 8 poisoned darts
 v - 6 boomerangs
Armour
 j - a scarf of invisibility
   (You found it on level 2 of the Dungeon)
 n - a +0 cloak (worn)
   (You took it off Crazy Yiuf on level 2 of the Dungeon)
Magical Staves
 w - a staff of poison (weapon) {rPois}
   (You found it on level 4 of the Dungeon)
Jewellery
 Z - a ring of wizardry (left hand) {Wiz+, !d}
   (You found it on level 2 of the Dungeon)
Scrolls
 b - 4 scrolls of poison
 K - 2 scrolls of immolation {!r}
 Y - a scroll of teleportation {@r3}
Potions
 a - 3 potions of degeneration {!q}
 d - a potion of magic
 f - a potion of attraction {unknown}
 h - a potion of lignification {unknown}
 i - a potion of brilliance {unknown}
 l - a potion of ambrosia {unknown}
 q - a potion of flight {unknown}
 u - a potion of cancellation {unknown}
 M - 2 potions of might
 N - 2 potions of heal wounds {@q2}


   Skills:
 - Level 1.7 Dodging
 - Level 1.7 Stealth
 + Level 4.8 Spellcasting
 + Level 6.3 Conjurations
 - Level 3.0 Hexes
 + Level 2.6 Translocations


You had 4 spell levels left.
You knew the following spells:

 Your Spells              Type           Power      Damage    Failure   Level
a - Magic Dart            Conj           100%       1d8       1%          1
b - Searing Ray           Conj           60%        2d6       1%          2
c - Fulminant Prism       Conj/Hex       11%        3d9       7%          4
x - Iskenderun's Mystic   Conj/Tloc      22%        2d6       8%          4

Your spell library contained the following spells:

 Spells                   Type           Power      Damage    Failure   Level
 Kiss of Death            Conj/Necr      68%        2d10      1%          1
 Dazzling Flash           Conj/Hex       46%        N/A       2%          3
 Sting                    Tmut/Pois      28%        1d4       4%          1
 Confusing Touch          Hex            16%        N/A       4%          3
 Gell's Gravitas          Tloc           15%        N/A       4%          3
 Lesser Beckoning         Tloc           30%        N/A       4%          3
 Teleport Other           Tloc           15%        N/A       4%          3
 Ozocubu's Armour         Ice            4%         N/A       14%         3
 Dispel Undead            Necr           4%         3d7       41%         4
 Summon Ice Beast         Ice/Summ       4%         N/A       41%         4
 Blade Hands              Tmut           2%         N/A       75%         5
 Ozocubu's Refrigeration  Ice            2%         4d7       100%        7


Dungeon Overview and Level Annotations

Branches:
Dungeon (5/15)             Temple (1/1) D:5

Altars:
Fedhas
Kikubaaqudgha
Makhleb
Nemelex Xobeh
Qazlal
Sif Muna
Uskayaw
Xom
Yredelemnul

Shops:
D:4 ?


Innate Abilities, Weirdness & Mutations

You can breathe blasts of scalding, opaque steam.
Your pale cyan-grey scales are hard. (AC +6)
You cannot fit into any form of body armour.
You are cold-blooded and may be slowed by cold attacks.
You are immune to the effects of steam.


Message History

The searing ray hits the centaur!
You kill the centaur!
You now have 2/14 mp.
Aim: an orc, wielding a +0 flail (100% to hit)
The magic dart hits the orc.
You now have 1/14 mp.
Aim: an orc, wielding a +0 flail (heavily wounded, 100% to hit)
The magic dart hits the orc.
You now have 0/14 mp.
You hit the orc.
You kill the orc!
You see here a +0 flail.
You start resting.
Health restored: 50; MP restored: 14 You see here a +0 flail.
Things that are here:
a +0 shortbow; a centaur corpse
s - 43 stones (gained 7)
s - 47 stones (gained 4)
Things that are here:
a +0 shortbow; a centaur corpse You see here a +0 flail.
You now have 201 gold pieces (gained 12).
Found a staircase to the Ecumenical Temple.
An ice beast comes into view.
Found an escape hatch in the floor.
You enter the shallow water.
Moving in this stuff is going to be slow.
An orc comes into view. It is wielding a +0 flail.
An orc comes into view. It is wielding a +0 mace.
An orc priest comes into view. It is wielding a +0 hand axe.
The orc priest invokes the aid of Beogh against you.
Beogh smites you! The ice beast closely misses you.
There is a staircase to the Ecumenical Temple here.
You take 11 damage, and have 39/50 hp.
MASSIVE DAMAGE!!
You erupt in a blast of force!
The mystic blast hits the ice beast!
You hear a shout!
The ice beast hits you but does no damage.
You now have 10/14 mp.
You erupt in a blast of force!
The mystic blast hits the ice beast.
The ice beast is knocked back by the mystic blast.
A centaur comes into view.
You now have 6/14 mp.
You climb downwards.
Welcome to the Ecumenical Temple!
Found three altars.
There is a staircase back to the Dungeon here.
You start resting.
Health restored: 50; MP restored: 14
Found a sparkling altar of Nemelex Xobeh.
Found a burning altar of Makhleb and a hide-covered altar of Uskayaw.
There is a transporter here.
You enter the transporter and appear at another place.
Found a shimmering altar of Xom.
There is a transporter landing site here.
There is a transporter here.
There is a transporter here.
You enter the transporter and appear at another place.
There is a transporter here.
You enter the transporter and appear at another place.
There is a transporter here.
There is a transporter here.
You enter the transporter and appear at another place.
Search for what [Enter for "altar", or ? for help]? altar Unknown command.
Done exploring.
Done exploring.
Done exploring.
Done exploring.
Done exploring.
There is a staircase back to the Dungeon here.
You climb upwards.
Welcome back to the Dungeon!
The centaur wields a +0 shortbow.
The centaur shoots an arrow.
The arrow hits you.
The ice beast hits you but does no damage.
The centaur shoots an arrow.
The arrow barely misses you.
The ice beast hits you but does no damage.
There is a staircase to the Ecumenical Temple here.
You take 5 damage, and have 45/50 hp.
You erupt in a blast of force!
The mystic blast hits the ice beast!
The centaur shoots an arrow.
The arrow hits you!
The ice beast hits you but does no damage.
You take 13 damage, and have 32/50 hp.
MASSIVE DAMAGE!!
You now have 10/14 mp.
You erupt in a blast of force!
The mystic blast hits the ice beast!
The centaur shoots an arrow.
The arrow hits you!
The ice beast hits you but does no damage.
You take 12 damage, and have 20/50 hp.
MASSIVE DAMAGE!!
You now have 6/14 mp.
You conjure a prism of explosive energy!
A fulminant prism comes into view.
The centaur shoots an arrow.
The arrow hits your fulminant prism!
The centaur shoots an arrow.
The arrow hits you. The ice beast hits you. The ice beast freezes you!
* * * LOW HITPOINT WARNING * * *
The orc priest mumbles some strange prayers to Beogh against you.
Pain shoots through your body!
You die...

.## .# ##.#.#.####.##
. .##..?......#.###
.!..............#
..coo≈≈≈≈≈......#
..o≈≈≈≈≈≈≈≈≈^...#
.≈≈≈≈≈≈≈≈≈≈≈≈≈..#
≈≈≈≈≈≈≈≈≈≈≈≈≈≈≈.#
≈≈≈≈≈≈.Y.≈≈≈≈≈≈.##
≈≈≈≈≈≈.@.≈≈≈≈≈≈.(###.#
≈≈≈≈≈≈...~≈≈≈≈≈.....#
.≈≈≈≈≈≈≈≈≈~≈≈≈..####.#
...≈≈≈≈≈≈~≈≈......#
.....≈≈≈≈≈......#.....
................#.###.
####...##.###.......
#.## #.# #.###)## #.
..# (.. .#


You could see an ice beast, a centaur, an orc priest and 2 orcs.

Vanquished Creatures
  Sigmund (D:3)
  A centaur (D:5)
  A phantom (D:4)
  A necrophage (D:4)
  2 hounds
  An orc priest (D:4)
  A jelly (D:4)
  Crazy Yiuf (D:2)
  2 iguanas
  An orc wizard (D:4)
  5 adders
  A shadow imp (D:5)
  4 dart slugs
  17 orcs
  4 ball pythons
  5 endoplasms
  A giant cockroach (D:1)
  10 goblins
  3 hobgoblins
  5 jackals
  5 quokkas
  8 bats
  A frilled lizard (D:1)
  8 kobolds
  5 rats
94 creatures vanquished.

Vanquished Creatures (others)
  A howler monkey (D:4)
  5 fulminant prisms
6 creatures vanquished.

Grand Total: 100 creatures vanquished

Notes
Turn   | Place    | Note
-------+----------+-------------------------------------------
     0 | D:1      | OTABOTABOTAB the Draconian Conjurer began the quest for the
                  | Orb.
     0 | D:1      | Reached XP level 1. HP: 14/14 MP: 3/3
   404 | D:1      | Reached XP level 2. HP: 20/20 MP: 1/5
   499 | D:1      | Learned a level 2 spell: Searing Ray
   712 | D:1      | Found a faded altar of an unknown god.
   886 | D:1      | Reached XP level 3. HP: 24/26 MP: 2/7
  1636 | D:2      | Reached skill level 3 in Spellcasting
  1762 | D:2      | Reached XP level 4. HP: 33/33 MP: 0/8
  1832 | D:2      | Learned a level 4 spell: Fulminant Prism
  2127 | D:2      | Found a runed translucent door.
  2128 | D:2      | Noticed Crazy Yiuf
  2134 | D:2      | Killed Crazy Yiuf
  2135 | D:2      | Reached skill level 5 in Conjurations
  2368 | D:3      | Got the Monograph on the Unstable Serac
  2383 | D:3      | Noticed Sigmund
  2541 | D:3      | Reached skill level 1 in Hexes
  2741 | D:3      | Killed Sigmund
  2742 | D:3      | Reached skill level 4 in Spellcasting
  2742 | D:3      | Reached skill level 2 in Hexes
  2742 | D:3      | Reached XP level 5. HP: 31/38 MP: 1/11
  2742 | D:3      | Reached XP level 6. HP: 37/45 MP: 1/12
  2890 | D:3      | Learned a level 4 spell: Iskenderun's Mystic Blast
  3292 | D:4      | Reached skill level 1 in Translocations
  3802 | D:4      | Found Nafa's Magic Scroll Shop.
  3810 | D:4      | Your scales start taking on a pale cyan-grey colour.
  3810 | D:4      | Reached XP level 7. HP: 50/50 MP: 7/13
  3810 | D:4      | Gained mutation: You are immune to the effects of steam.
                  | [Pale Draconian growth]
  3854 | D:4      | Bought a scroll of identify for 24 gold pieces
  3854 | D:4      | Bought a scroll of identify for 24 gold pieces
  4089 | D:4      | Reached skill level 6 in Conjurations
  4156 | D:4      | Found a stormy altar of Qazlal.
  4162 | D:4      | Reached skill level 3 in Hexes
  4164 | D:4      | Reached skill level 2 in Translocations
  4298 | D:4      | Found a basalt altar of Yredelemnul.
  4345 | D:5      | Entered Level 5 of the Dungeon
  4600 | D:5      | Found a staircase to the Ecumenical Temple.
  4622 | Temple   | Entered the Ecumenical Temple
  4622 | Temple   | Found a transporter.
  4622 | Temple   | Found a transporter.
  4677 | Temple   | Found a transporter.
  4677 | Temple   | Found a transporter.
  4723 | D:5      | HP: 5/50 [ice beast (11)]
  4723 | D:5      | Killed from afar by an orc priest

Illustrated notes

Levels and vault maps discovered:
D:1:      wander_arrival_desolate, layout_loops_ring,
          shapermc_ecumenical_altar_totnotflames
D:2:      layout_rooms, uniq_crazy_yiuf_cottage
D:3:      layout_rooms, uniq_sigmund
D:4:      layout_rooms, mainiacjoe_overflow_alcove_4, grunt_qazlal_clouds,
          serial_shops, nicolae_shop_trees
D:5:      minmay_evil_eye, layout_loops_ring, temple_pool_b, uniq_ijyb
Temple:   hellmonk_temple_divided_pantheon

Skill      XL: |  1  2  3  4  5  6  7 |
---------------+----------------------+-----
Spellcasting   | 3 4 |  4.8
Conjurations   | 5 6 |  6.3
Hexes          | 2 3 |  3.0
Translocations | 1 2 |  2.6
Dodging        | |  1.7
Stealth        | |  1.7

Action                   |  1- 3 |  4- 6 |  7- 9 || total
-------------------------+-------+-------+-------++-------
Melee: Short sword       |    35 |     6 |       ||    41
       Tailslap          |     2 |     2 |       ||     4
       Staff             |       |       |     4 ||     4
 Cast: Magic Dart        |    73 |    45 |    13 ||   131
       Searing Ray       |     6 |    12 |     8 ||    26
       Fulminant Prism   |       |     4 |     2 ||     6
       Iskenderun's Myst |       |     6 |     5 ||    11
  Use: Scroll            |       |       |    11 ||    11
Armor: Skin              |    19 |     6 |     7 ||    32
Dodge: Dodged            |    34 |    10 |     6 ||    50

Table legend: (Time is in decaauts)
 A = Elapsed time spent in this place.
 B = Non-inter-level travel time spent in this place.
 C = Inter-level travel time spent in this place.
 D = Time resting spent in this place.
 E = Time spent auto-exploring this place.
 F = Levels seen in this place.
 G = Mean time per level.
                   A        B        C        D        E       F      G
               +--------+--------+--------+--------+--------+-----+--------+
         Total |   4730 |   4609 |    121 |   1263 |   2774 |   6 |  788.3 |
       Dungeon |   4632 |   4522 |    110 |   1210 |   2768 |   5 |  926.4 |
        Temple |     97 |     86 |     11 |     53 |      6 |   1 |   97.0 |
               +--------+--------+--------+--------+--------+-----+--------+

Top non-repeatable levels by time:
     D:1: 1361 daAuts
     D:4: 1261 daAuts
     D:2: 1036 daAuts
     D:3: 768 daAuts
     D:5: 204 daAuts
  Temple: 97 daAuts

Table legend:
 A = Kills in this place as a percentage of kills in entire the game.
 B = Kills by you in this place as a percentage of kills by you in the entire game.
 C = Kills by friends in this place as a percentage of kills by friends in the entire game.
 D = Other kills in this place as a percentage of other kills in the entire game.
 E = Experience gained in this place as a percentage of experience gained in the entire game.
 F = Experience gained in this place divided by the number of levels of this place that you have seen.
                   A       B       C       D       E      F
               +-------+-------+-------+-------+-------+----------------------
         Total | 100.0 | 100.0 |   N/A |   N/A | 100.0 | 180.3
       Dungeon | 100.0 | 100.0 |   N/A |   N/A | 100.0 | 216.4
               +-------+-------+-------+-------+-------+----------------------
